 Dungeon Crawl Stone Soup version 0.31-a0-189-ga26ba32dd1 (webtiles) character file.

Game seed: 903853281480547736

2510 qw the Skirmisher (level 9, -7/51 HPs)
             Began as a Deep Elf Hunter on June 23, 2023.
             Was a Follower of Okawaru.
             Mangled by a wight
             ... wielding a +0 halberd
              (9 damage)
             ... on level 7 of the Dungeon.
             The game lasted 00:02:44 (4959 turns).

qw the Skirmisher (Deep Elf Hunter)                 Turns: 4959, Time: 00:02:44

Health: -7/51      AC: 12    Str: 14    XL:     9   Next: 28%
Magic:  3/5        EV: 22    Int: 19    God:    Okawaru [*.....]
Gold:   399        SH:  0    Dex: 19    Spells: 8/8 levels left

rFire   . . .        Y - +0 orcbow
rCold   + . .        (shield currently unavailable)
rNeg    . . .        d - +0 ring mail
rPois   .            (no helmet)
rElec   +            (no cloak)
rCorr   .            l - +0 pair of gloves "Dacail" {rElec MP-9 Str+5}
SInv    .            g - +0 pair of boots
Will    .....        (no amulet)
Stlth   +++          f - +5 ring of evasion
HPRegen 0.28/turn    i - +4 ring of protection
MPRegen 0.09/turn

%: no passive effects
@: heroic
A: clever 1, cold resistance 1
a: Renounce Religion, Heroism


You were on level 7 of the Dungeon.
You worshipped Okawaru.
Okawaru was aware of your devotion.
You visited 1 branch of the dungeon, and saw 7 of its levels.

You collected 399 gold pieces.


Innate Abilities, Weirdness & Mutations

Your mind is acute. (Int +4, Str/Dex -1)
Your flesh is cold resistant. (rC+)


   Skills:
 - Level 3.3(8.3) Fighting
 + Level 14.0(19.0) Ranged Weapons
 - Level 1.0(6.0) Armour
 - Level 6.3(11.3) Dodging
 - Level 1.2(6.2) Stealth
 - Level 4.1 Invocations


You had 8 spell levels left.
You didn't know any spells.
Your spell library was empty.

Inventory:

Hand Weapons
 Y - a +0 orcbow (weapon)
Armour
 d - a +0 ring mail (worn)
 g - a +0 pair of boots (worn)
 l - the +0 pair of gloves "Dacail" (worn) {rElec MP-9 Str+5}
   (You found it on level 5 of the Dungeon)

   Str:       It affects your strength (+5).
   rElec:     It insulates you from electricity.
   MP:        It affects your magic capacity (-9).
Jewellery
 f - a +5 ring of evasion (left hand)
 i - a +4 ring of protection (right hand)
Scrolls
 a - 3 scrolls of identify
Potions
 b - a potion of resistance
 c - a potion of might {unknown}
 j - a potion of haste
 k - 2 potions of mutation

Dungeon Overview and Level Annotations

Branches:
Dungeon (7/15)             Temple (0/1) D:5

Altars:
Elyvilon
Fedhas
Hepliaklqana
Makhleb
Nemelex Xobeh
Okawaru
Trog
Vehumet
Xom
Zin


Message History

The wight barely misses you. The gnoll bouda completely misses you.
The wight misses you. The gnoll completely misses you.
You shoot an arrow. The arrow hits the wight!
You destroy the wight!
Okawaru accepts your kill.
The gnoll hits you from afar with a +0 spear.
The gnoll closely misses you.
The gnoll hits you from afar with a +0 spear.
You shoot an arrow. The arrow hits the wight!
The wight is severely damaged.
The wight misses you. The gnoll bouda barely misses you.
The wight closely misses you. The gnoll closely misses you.
The gnoll misses you.
You shoot an arrow. The arrow hits the wight!
You destroy the wight!
Okawaru accepts your kill. The gnoll hits you but does no damage.
The gnoll misses you. The wight misses you. The gnoll bouda misses you.
Your base Ranged Weapons skill increases to level 14!
You shoot an arrow. The arrow barely misses the gnoll.
The gnoll is no longer moving quickly.
The gnoll misses you. x2
The gnoll completely misses you. x2
The gnoll bouda barks out a call to the hunt!
The gnoll picks up the pace!
The wight completely misses you.
You shoot an arrow. The arrow closely misses the gnoll.
The gnoll is no longer moving quickly.
The gnoll barely misses you.
The gnoll hits you but does no damage. x3
The gnoll bouda completely misses you. The wight barely misses you.
You shoot an arrow. The arrow hits the gnoll.
The gnoll is lightly wounded.
Your attacks no longer feel as feeble.
The gnoll hits you but does no damage.
The gnoll hits you from afar with a +0 halberd.
The gnoll closely misses you. The gnoll completely misses you.
You shoot an arrow. The arrow hits the gnoll!
You kill the gnoll!
Okawaru accepts your kill.
The wight hits you from afar with a +0 halberd!
You die...

#.. .# . ###.#
.# ..##.......
>.......#.# #
..(..#..#.##.#
.............##
.......g.g.....
......)@.g.>.#
#......)#g...#
###(.z#.# ...#
......... ....
..... ... ...
.......... ..
#.#. ...#. .
........#.. #


You could see a gnoll bouda, a wight and 3 gnolls.

Vanquished Creatures
  An ugly thing (D:7)
  2 water moccasins
  2 sky beasts
  A black bear (D:7)
  An ice beast (D:6)
  2 centaurs (D:6)
  2 phantoms (D:5)
  A gnoll sergeant (D:5)
  2 wights (D:7)
  3 hounds
  5 jellies
  6 orc priests
  3 iron imps (D:5)
  4 iguanas
  7 orc wizards
  Natasha (D:3)
  11 gnolls
  7 adders
  3 ufetubi
  A worm (D:2)
  4 dart slugs
  20 orcs
  8 ball pythons
  3 endoplasms
  7 giant cockroaches
  8 goblins
  7 hobgoblins
  2 jackals (D:5)
  4 quokkas
  8 bats
  A frilled lizard (D:2)
  8 kobolds
  4 rats
149 creatures vanquished.

Notes
Turn   | Place    | Note
-------+----------+-------------------------------------------
     0 | D:1      | qw the Deep Elf Hunter began the quest for the Orb.
     0 | D:1      | Reached XP level 1. HP: 12/12 MP: 3/3
     0 | D:1      | 0 ||| qw: Version: 0.3-a-9-g12657ce
     0 | D:1      | 0 ||| qw: Game counter: 4442
     0 | D:1      | 0 ||| qw: Always use a shield: true
     0 | D:1      | 0 ||| qw: God list: Okawaru
     0 | D:1      | 0 ||| qw: Allow faded altars: false
     0 | D:1      | 0 ||| qw: Do Orc after D:15 true
     0 | D:1      | 0 ||| qw: Do second Lair branch before Depths: true
     0 | D:1      | 0 ||| qw: Lair rune preference: random
     0 | D:1      | 0 ||| qw: Plans: Normal
     0 | D:1      | 0 ||| PLANNING D:1-11
   181 | D:1      | Reached skill level 6 in Ranged Weapons
   181 | D:1      | Reached XP level 2. HP: 16/16 MP: 4/4
   379 | D:1      | 379 ||| Stepping ~*~*~tactically~*~*~ (outnumbered).
   380 | D:1      | 380 ||| Stepping ~*~*~tactically~*~*~ (outnumbered).
   674 | D:1      | 674 ||| UPGRADING to +5 ring of evasion.
   675 | D:1      | 675 ||| UPGRADING to +4 ring of protection.
   676 | D:1      | 676 ||| READING 3 scrolls labelled KUECICL LUFEDA.
   677 | D:1      | 677 ||| READING scroll labelled QONODE OKHIDUL.
   678 | D:1      | 678 ||| DRINKING 3 red potions.
   679 | D:1      | 679 ||| READING 2 scrolls of identify.
   679 | D:1      | 679 ||| IDENTIFYING ruby potion
   680 | D:1      | 680 ||| DROPPING scroll of butterflies.
   681 | D:1      | 681 ||| DROPPING potion of lignification.
   738 | D:2      | Reached XP level 3. HP: 20/20 MP: 5/5
   865 | D:2      | Reached skill level 7 in Ranged Weapons
  1031 | D:2      | Reached XP level 4. HP: 17/25 MP: 6/6
  1304 | D:2      | 1304 ||| READING scroll of enchant weapon.
  1304 | D:2      | 1304 ||| ENCHANTING +1 shortbow.
  1355 | D:2      | 1355 ||| UPGRADING to +0 ring mail.
  1365 | D:2      | 1365 ||| DROPPING +0 leather armour.
  1366 | D:2      | 1366 ||| UPGRADING to +0 pair of boots.
  1371 | D:2      | 1371 ||| DRINKING 2 yellow potions.
  1376 | D:2      | 1376 ||| STAIRDANCE
  1478 | D:1      | 1478 ||| READING 4 scrolls of identify.
  1478 | D:1      | 1478 ||| IDENTIFYING fizzy golden potion
  1479 | D:1      | 1479 ||| DROPPING potion of berserk rage.
  1541 | D:3      | Reached skill level 8 in Ranged Weapons
  1630 | D:3      | Reached XP level 5. HP: 29/29 MP: 7/7
  1791 | D:3      | Noticed Natasha
  1795 | D:3      | Killed Natasha
  1796 | D:3      | Reached skill level 9 in Ranged Weapons
  1872 | D:3      | Found a bloodstained altar of Trog.
  1879 | D:3      | Found a radiant altar of Vehumet.
  1888 | D:3      | Found a shimmering altar of Xom.
  1898 | D:3      | Found a blossoming altar of Fedhas.
  1906 | D:3      | Found a white marble altar of Elyvilon.
  1913 | D:3      | Found a glowing silver altar of Zin.
  1919 | D:3      | Found a sparkling altar of Nemelex Xobeh.
  1994 | D:3      | 1994 ||| READING 2 scrolls labelled EBEOH DUOFOIRO.
  1998 | D:3      | 1998 ||| DRINKING 2 dark potions.
  1999 | D:3      | 1999 ||| DRINKING 2 puce potions.
  1999 | D:3      | Gained mutation: Your mind is acute. (Int +4, Str/Dex -1)
                  | [potion of mutation]
  1999 | D:3      | Gained mutation: Your flesh is cold resistant. (rC+)
                  | [potion of mutation]
  2000 | D:3      | 2000 ||| READING 4 scrolls of identify.
  2000 | D:3      | 2000 ||| IDENTIFYING purple potion
  2023 | D:4      | 2023 ||| STAIRDANCE
  2109 | D:4      | 2109 ||| STAIRDANCE
  2118 | D:3      | Reached XP level 6. HP: 27/35 MP: 8/8
  2158 | D:4      | Found an iron altar of Okawaru.
  2159 | D:4      | 2159 ||| PLANNING OKAWARU WORSHIP
  2165 | D:4      | Became a worshipper of Warmaster Okawaru
  2166 | D:4      | 2166 ||| PLANNING D:1-11
  2583 | D:4      | 2583 ||| READING 2 scrolls labelled ZIKHLU JEEFYB.
  2584 | D:4      | 2584 ||| READING scroll labelled PEUSSUKKOMACH.
  2585 | D:4      | 2585 ||| READING scroll labelled DUICHU YVIPA.
  2586 | D:4      | 2586 ||| DROPPING scroll of immolation.
  2603 | D:5      | Entered Level 5 of the Dungeon
  2654 | D:5      | Reached skill level 10 in Ranged Weapons
  2661 | D:5      | Identified the +0 pair of gloves "Dacail" {rElec MP-9
                  | Str+5}
  2734 | D:5      | Found a staircase to the Ecumenical Temple.
  2757 | D:5      | Reached skill level 3 in Dodging
  2778 | D:5      | 2778 ||| READING scroll of enchant weapon.
  2778 | D:5      | 2778 ||| ENCHANTING +2 shortbow.
  2822 | D:5      | Reached skill level 1 in Armour
  2842 | D:5      | 2842 ||| Stepping ~*~*~tactically~*~*~ (outnumbered).
  2847 | D:5      | 2847 ||| DRINKING potion of curing.
  2847 | D:5      | 2847 ||| (to cure confusion)
  2862 | D:5      | Reached XP level 7. HP: 39/40 MP: 9/9
  3074 | D:5      | 3074 ||| Stepping ~*~*~tactically~*~*~ (outnumbered).
  3095 | D:5      | HP: 8/40 [gnoll sergeant/+0 spear (6)]
  3095 | D:5      | HP: 3/40 [gnoll sergeant/+0 spear (5)]
  3096 | D:5      | 3096 ||| READING scroll of teleportation.
  3097 | D:5      | 3097 ||| DRINKING 3 potions of heal wounds.
  3101 | D:5      | 3101 ||| FLEEEEING.
  3102 | D:5      | 3102 ||| FLEEEEING.
  3103 | D:5      | 3103 ||| FLEEEEING.
  3104 | D:5      | 3104 ||| FLEEEEING.
  3105 | D:5      | 3105 ||| FLEEEEING.
  3106 | D:5      | 3106 ||| FLEEEEING.
  3107 | D:5      | 3107 ||| FLEEEEING.
  3108 | D:5      | 3108 ||| FLEEEEING.
  3109 | D:5      | 3109 ||| FLEEEEING.
  3110 | D:5      | 3110 ||| FLEEEEING.
  3115 | D:5      | 3115 ||| FLEEEEING.
  3119 | D:5      | 3119 ||| FLEEEEING.
  3120 | D:5      | 3120 ||| FLEEEEING.
  3121 | D:5      | 3121 ||| FLEEEEING.
  3125 | D:5      | 3125 ||| FLEEEEING.
  3126 | D:5      | 3126 ||| FLEEEEING.
  3146 | D:5      | Reached * piety under Okawaru
  3147 | D:5      | Reached skill level 11 in Ranged Weapons
  3153 | D:5      | 3153 ||| FLEEEEING.
  3154 | D:5      | 3154 ||| FLEEEEING.
  3155 | D:5      | 3155 ||| FLEEEEING.
  3156 | D:5      | 3156 ||| STAIRDANCE
  3181 | D:4      | 3181 ||| UPGRADING to +0 pair of gloves "Dacail" {rElec
                  | MP-9 Str+5}.
  3186 | D:4      | 3186 ||| DROPPING scarf of invisibility.
  3187 | D:4      | 3187 ||| READING scroll labelled DAIGGEHASMA.
  3190 | D:5      | 3190 ||| STAIRDANCE
  3233 | D:5      | Reached skill level 1 in Invocations
  3344 | D:5      | Found a burning altar of Makhleb.
  3458 | D:5      | Reached skill level 12 in Ranged Weapons
  3458 | D:5      | Reached skill level 3 in Invocations
  3458 | D:5      | Reached XP level 8. HP: 37/44 MP: 1/12
  3458 | D:5      | 3458 ||| FLEEEEING.
  3459 | D:5      | 3459 ||| FLEEEEING.
  3460 | D:5      | 3460 ||| FLEEEEING.
  3461 | D:5      | 3461 ||| FLEEEEING.
  3462 | D:5      | 3462 ||| FLEEEEING.
  3463 | D:5      | 3463 ||| FLEEEEING.
  3464 | D:5      | 3464 ||| FLEEEEING.
  3465 | D:5      | 3465 ||| FLEEEEING.
  3466 | D:5      | 3466 ||| FLEEEEING.
  3467 | D:5      | 3467 ||| FLEEEEING.
  3468 | D:5      | 3468 ||| FLEEEEING.
  3512 | D:5      | 3512 ||| FLEEEEING.
  3520 | D:5      | 3520 ||| STAIRDANCE
  3686 | D:6      | 3686 ||| INVOKING Heroism.
  3703 | D:6      | HP: 4/44 [iguana (8)]
  3704 | D:6      | 3704 ||| DRINKING 2 potions of heal wounds.
  3971 | D:6      | 3971 ||| SWAPPING to +0 orcbow.
  3972 | D:6      | 3972 ||| DROPPING +3 shortbow.
  4000 | D:6      | 4000 ||| INVOKING Heroism.
  4002 | D:6      | Reached skill level 3 in Fighting
  4241 | D:6      | Found a hazy altar of Hepliaklqana.
  4501 | D:6      | 4501 ||| INVOKING Heroism.
  4620 | D:6      | 4620 ||| READING scroll labelled ACSAOLO NAODATUNU.
  4621 | D:6      | 4621 ||| READING scroll labelled MEUDIO QEKOI.
  4622 | D:6      | 4622 ||| READING scroll labelled FADWEU LESTRO.
  4623 | D:6      | 4623 ||| READING 4 scrolls of identify.
  4623 | D:6      | 4623 ||| IDENTIFYING green potion
  4624 | D:6      | 4624 ||| DROPPING potion of brilliance.
  4626 | D:6      | 4626 ||| Stepping ~*~*~tactically~*~*~ (cloud).
  4792 | D:7      | 4792 ||| FLEEEEING.
  4793 | D:7      | 4793 ||| FLEEEEING.
  4794 | D:7      | 4794 ||| STAIRDANCE
  4800 | D:7      | 4800 ||| INVOKING Heroism.
  4809 | D:7      | Reached skill level 13 in Ranged Weapons
  4818 | D:7      | 4818 ||| INVOKING Heroism.
  4840 | D:7      | Reached XP level 9. HP: 47/51 MP: 2/14
  4872 | D:7      | Found an iron altar of Okawaru.
  4913 | D:7      | Noticed a purple ugly thing
  4915 | D:7      | Noticed a two-headed ogre
  4916 | D:7      | 4916 ||| INVOKING Heroism.
  4929 | D:7      | Killed a purple ugly thing
  4930 | D:7      | Reached skill level 6 in Dodging
  4933 | D:7      | HP: 6/51 [two-headed ogre/+0 giant spiked club (15)]
  4934 | D:7      | 4934 ||| READING scroll of teleportation.
  4935 | D:7      | 4935 ||| DRINKING 2 potions of heal wounds.
  4946 | D:7      | HP: 5/51 [gnoll/+0 halberd[a gnoll bouda] (10)]
  4947 | D:7      | 4947 ||| DRINKING potion of heal wounds.
  4948 | D:7      | 4948 ||| INVOKING Heroism.
  4951 | D:7      | HP: 9/51 [wight/+0 halberd (3)]
  4953 | D:7      | HP: 3/51 [gnoll/+0 spear[a gnoll bouda] (3)]
  4956 | D:7      | Reached skill level 14 in Ranged Weapons
  4958 | D:7      | HP: 2/51 [gnoll/+0 halberd[a gnoll bouda] (2)]
  4959 | D:7      | Mangled by a wight

Levels and vault maps discovered:
D:1:      minmay_arrival_four_houses, layout_basic
D:2:      minmay_recursive_quarters, layout_rooms
D:3:      layout_rooms, grunt_temple_overflow_octagram,
          kennysheep_generic_room_16, uniq_natasha
D:4:      layout_cave_pools, mainiacjoe_overflow_alcove_1
D:5:      layout_basic, demons_altar, minmay_temple_entry_drinking_statues,
          reono_crystal_passage, nicolae_letterblocks [nicolae_letter_subblock,
          nicolae_letter_subblock, nicolae_letter_subblock,
          nicolae_letter_subblock, nicolae_letter_subblock,
          nicolae_letter_subblock, nicolae_letter_subblock,
          nicolae_letter_subblock, nicolae_letter_subblock,
          nicolae_letter_subblock, nicolae_letter_subblock,
          nicolae_letter_subblock, nicolae_letter_subblock,
          nicolae_letter_subblock, nicolae_letter_subblock,
          nicolae_letter_subblock, nicolae_letter_subblock,
          nicolae_letter_subblock, nicolae_letter_subblock,
          nicolae_letter_subblock, nicolae_letter_subblock,
          nicolae_letter_subblock, nicolae_letter_subblock,
          nicolae_letter_subblock, nicolae_letter_subblock]
D:6:      layout_gridville, nicolae_overflow_hidden_temple,
          nicolae_underground_beach
D:7:      layout_basic, minmay_ruined_shrine

Skill      XL: |  1  2  3  4  5  6  7  8  9 |
---------------+----------------------------+-----
Ranged Weapons | 6 7 8 9 10 12 13 14 | 14.0
Fighting       | 2 3 |  3.3
Dodging        | 3 4 6 |  6.3
Armour         | 1 |  1.0
Invocations    | 3 4 |  4.1
Stealth        | |  1.2

Action                     |  1- 3 |  4- 6 |  7- 9 || total
---------------------------+-------+-------+-------++-------
   Fire: Shortbow          |   127 |   164 |   169 ||   460
         Orcbow            |       |       |   150 ||   150
 Invoke: Heroism           |       |       |     7 ||     7
    Use: Scroll            |     3 |     8 |     7 ||    18
         Potion            |     1 |     4 |     4 ||     9
 Armour: Leather armour    |    16 |     3 |       ||    19
         Ring mail         |       |    27 |    63 ||    90
  Dodge: Dodged            |    64 |    65 |   203 ||   332

Table legend:
 A = Non-vault XP
 B = Vault XP
 C = Vault XP percentage of total XP
 D = Non-vault monster count
 E = Vault monster count
 F = Vault count percentage of total count
                 A         B        C        D         E       F
            +---------+---------+-------+---------+---------+-------
      Total |    2906 |     693 |  19.3 |     128 |      21 |  14.1
            +---------+---------+-------+---------+---------+-------
        D:1 |      32 |       0 |   0.0 |      19 |       0 |   0.0
        D:2 |      60 |      37 |  38.1 |      19 |       9 |  32.1
        D:3 |     208 |      48 |  18.8 |      18 |       2 |  10.0
        D:4 |      99 |       0 |   0.0 |      10 |       0 |   0.0
        D:5 |     930 |     120 |  11.4 |      33 |       3 |   8.3
        D:6 |     866 |       0 |   0.0 |      20 |       0 |   0.0
        D:7 |     711 |     488 |  40.7 |       9 |       7 |  43.8
            +---------+---------+-------+---------+---------+-------
